Map: Tokamak LE

Players

SanSan

  • Race: Zerg Zerg
  • League: Master
  • Spawn Location: 7:00

ManlyManMeat - Winner!

  • Race: Protoss Protoss
  • League: Master
  • Spawn Location: 1:00

VOD

Have the link to the VOD?

Description

Time

  • Played on: June 14, 2025, 3:52 p.m.
  • Length: 17:10
Show
View Real Time Build Order
Export as new Build Order

SanSan Zerg 

Build Orders: Hatch First, Lurkers 

Get SALT Encoding   

  12  0:08  Overlord  
  12  0:16  Drone  
  12  0:17  Drone  
  14  0:26  Drone  
  15  0:32  Drone  
  16  0:47  Hatchery  
  15  0:50  Drone  
  16  1:13  Drone x2  
  18  1:19  Spawning Pool  
  17  1:34  Hatchery  
  17  1:37  Drone  
  17  1:46  Drone  
  18  1:53  Extractor  
  17  1:56  Drone  
  17  1:59  Drone  
  19  2:08  Drone  
  20  2:09  Queen  
  20  2:13  Queen  
  20  2:15  Drone  
  25  2:21  Drone  
  25  2:22  Drone  
  27  2:34  Drone  
  27  2:36  Overlord  
  28  2:48  Drone x3  
  31  2:56  Drone  
  31  2:57  Drone  
  33  3:10  Overlord x2  
  33  3:14  Drone x4  
  33  3:18  Drone  
  38  3:23  Lair  
  38  3:26  Drone  
  40  3:27  Drone x3  
  40  3:31  Drone x3, Extractor x2  
  43  3:36  Drone x2  
  45  3:43  Queen  
  45  3:44  Drone  
  45  3:45  Drone  
  45  3:46  Drone  
  50  3:59  Metabolic Boost  
  50  4:01  Overlord x2  
  49  4:14  Zergling x4  
  50  4:25  Queen  
  50  4:30  Overlord x3  
  52  4:32  Zergling x8  
  56  4:47  Zergling x4  
  56  4:49  Drone x3  
  61  4:58  Overseer  
  61  5:06  Hydralisk Den  
  55  5:17  Zergling x2  
  55  5:18  Zergling x16  
  58  5:33  Zergling x6  
  56  5:55  Zergling x12  
  61  6:02  Grooved Spines  
  61  6:16  Hatchery  
  57  6:25  Hatchery  
  57  6:27  Drone  
  57  6:28  Drone x6  
  63  6:33  Hatchery  
  60  6:53  Muscular Augments  
  59  6:59  Overseer  
  58  7:05  Drone x10  
  68  7:16  Overlord x3  
  68  7:17  Overlord  
  68  7:39  Extractor  
  68  7:40  Extractor  
  68  7:41  Drone x6  
  72  7:50  Hydralisk x3  
  72  7:51  Hydralisk  
  78  7:58  Hydralisk x3  
  80  8:00  Evolution Chamber x2  
  80  8:01  Drone  
  85  8:12  Lurker Den  
  83  8:32  Hydralisk  
  83  8:33  Hydralisk x15  
  80  9:22  Drone x15  
  80  9:23  Drone  
  94  9:25  Lurker  
  94  9:26  Lurker x4  
  99  9:33  Extractor  
  98  9:39  Drone  
  98  9:41  Drone  
  98  9:42  Drone x5, Extractor  
  98  9:43  Extractor  
  98  9:45  Queen x5  
  106  10:15  Drone x3  
  106  10:16  Drone x4, Overlord  
  113  10:33  Zerg Missile Weapons Level 1  
  113  10:34  Zerg Ground Armor Level 1  
  113  10:46  Hydralisk x4  
  113  10:47  Hydralisk x2  
  113  10:49  Overlord x4  
  125  10:50  Overlord  
  125  11:04  Hatchery  
  115  11:12  Hatchery  
  115  11:16  Infestation Pit  
  113  11:47  Hydralisk  
  113  11:48  Hydralisk x13  
  141  12:03  Hydralisk  
  141  12:04  Hydralisk x3, Hatchery  
  148  12:13  Drone x7  
  148  12:14  Drone x4  
  136  12:35  Overseer x2  
  121  12:45  Spire  
  121  12:47  Hydralisk x7  
  128  13:00  Spore Crawler  
  128  13:01  Spore Crawler  
  95  13:37  Hydralisk x7  
  95  13:38  Hydralisk x3  
  95  13:39  Hatchery  
  92  14:06  Drone x3  
  92  14:08  Drone x2  
  97  14:10  Lair  
  52  14:34  Corruptor  
  52  14:37  Extractor  
  49  14:39  Extractor  
  49  14:40  Extractor  
  49  14:42  Extractor  
  40  14:56  Drone x3  
  40  14:59  Drone  
  40  15:00  Drone  
  40  15:01  Drone x2  
  40  15:10  Drone  
  40  15:14  Spawning Pool  
  40  15:26  Spawning Pool  
  28  15:39  Spawning Pool  
  14  16:04  Hatchery  
  14  16:05  Zergling x10, Hatchery  
  14  16:06  Zergling x8  
  21  16:22  Zergling x6  
  24  16:30  Hatchery  
Show
View Real Time Build Order
Export as new Build Order

ManlyManMeat Protoss - Winner!

Build Orders: 1 Gate Expand 

Get SALT Encoding   

  12  0:00  Probe  
  13  0:12  Probe  
  14  0:19  Pylon  
  14  0:24  Probe  
  15  0:36  Probe  
  16  0:44  Probe  
  16  0:45  Gateway  
  16  0:49  Assimilator  
  17  0:53  Probe  
  18  1:05  Probe  
  18  1:17  Probe  
  19  1:29  Probe  
  19  1:31  Nexus  
  20  1:39  Zealot  
  20  1:43  Cybernetics Core  
  22  1:56  Pylon  
  22  2:01  Probe  
  23  2:10  Gateway  
  23  2:12  Warp Gate  
  23  2:18  Stalker  
  25  2:26  Assimilator  
  25  2:30  Probe  
  25  2:36  Stalker  
  26  2:41  Pylon  
  26  2:42  Probe  
  26  2:43  Probe  
  30  2:54  Probe  
  30  2:55  Probe  
  30  2:57  Stalker  
  34  3:11  Zealot  
  34  3:15  Robotics Facility  
  36  3:23  Probe  
  36  3:25  Probe  
  38  3:27  Zealot  
  40  3:40  Stalker  
  40  3:44  Probe x2  
  44  3:52  Twilight Council  
  44  3:54  Zealot  
  46  4:15  Probe x2  
  48  4:27  Probe x2  
  50  4:39  Probe x2  
  50  4:41  Blink  
  52  4:57  Pylon  
  52  4:58  Probe x2  
  54  5:00  Pylon  
  54  5:05  Pylon  
  54  5:08  Immortal  
  54  5:10  Pylon  
  54  5:28  Probe x2  
  56  5:40  Gateway, Probe  
  56  5:41  Probe  
  56  5:42  Gateway  
  58  5:44  Immortal, Gateway  
  58  5:47  Gateway  
  62  5:50  Gateway  
  62  5:51  Gateway  
  62  5:53  Probe  
  63  6:10  Nexus  
  59  6:21  Zealot  
  59  6:22  Zealot  
  55  6:50  Stalker  
  55  6:51  Stalker  
  55  6:52  Zealot x2  
  55  6:53  Zealot x3  
  65  6:57  Probe  
  65  6:58  Probe  
  66  7:09  Probe  
  66  7:10  Probe, Charge  
  68  7:22  Pylon  
  68  7:24  Robotics Facility  
  68  7:26  Pylon, Robotics Bay  
  68  7:28  Phoenix, Assimilator  
  68  7:29  Templar Archives  
  68  7:30  Assimilator  
  68  7:38  Zealot  
  68  7:39  Assimilator, Zealot  
  68  7:40  Sentry x2  
  68  7:41  Stalker  
  68  7:42  Stalker  
  68  7:43  Assimilator  
  80  7:47  Pylon  
  80  7:49  Pylon  
  80  7:50  Pylon  
  80  7:52  Pylon  
  80  8:05  Zealot x4  
  82  8:06  Zealot  
  82  8:11  Probe x3  
  93  8:21  Zealot  
  93  8:22  Zealot x2  
  93  8:23  Probe x2  
  87  8:56  Colossus x2  
  81  9:03  Zealot x8  
  79  9:28  Zealot x5  
  79  9:29  Zealot x3  
  95  9:32  Extended Thermal Lance  
  95  9:33  Probe  
  95  9:36  Probe x2  
  98  9:40  Colossus  
  98  9:41  Probe  
  99  9:48  Probe x2  
  91  10:15  Probe x3  
  94  10:22  High Templar  
  94  10:23  High Templar  
  94  10:27  Colossus, Probe, Archon  
  99  10:31  Zealot x4  
  99  10:32  Zealot x2  
  111  10:41  Forge  
  111  10:42  Forge  
  117  10:45  Forge  
  117  11:05  Colossus  
  117  11:09  Nexus  
  121  11:13  Colossus  
  121  11:18  Nexus  
  127  11:26  Zealot x8  
  127  11:28  Nexus  
  127  11:32  Pylon  
  135  11:44  Gravitic Boosters  
  135  11:45  Protoss Ground Armor Level 1, Protoss Ground Weapons Level 1  
  121  11:53  Observer  
  121  11:59  Probe x3  
  125  12:04  Observer  
  126  12:10  Zealot x6  
  126  12:11  Probe x2, Zealot x2  
  126  12:12  Assimilator  
  126  12:14  Assimilator  
  144  12:26  Assimilator  
  144  12:28  Assimilator  
  124  12:41  Zealot x6  
  124  12:42  Zealot x2  
  140  12:46  Probe x4  
  140  12:48  Probe  
  145  12:58  Probe x4  
  149  13:00  Probe  
  150  13:10  Probe  
  135  13:21  Zealot x7  
  135  13:22  Zealot  
  151  13:42  Zealot x4  
  151  13:43  Zealot x4  
  151  13:57  Colossus  
  151  13:59  Protoss Ground Armor Level 2  
  151  14:00  Protoss Shields Level 1  
  149  14:05  Zealot x2  
  149  14:06  Zealot x6  
  169  14:15  Colossus  
  154  14:30  Zealot x5  
  142  14:33  Probe  
  142  14:36  Probe  
  131  14:49  Zealot  
  133  15:45  Probe x4  
  137  15:53  Probe  
  137  15:58  Zealot x7  
  152  16:30  Stalker x5  
  152  16:31  Stalker x3  
  164  17:02  Stalker x3  
  164  17:06  Pylon  
  170  17:08  Pylon  
Tags
 
Composition
Lurkers
Matchup
PvZ
Replay Pack
Multiplayer
Spawn Locations
Cross Positions
Add a new tag
Caveats
  • Supply blocks, unpowered buildings, or Contaminate may cause inaccurate times.
  • Supply counts are checked every 10 seconds.